 Dungeon Crawl Stone Soup version 0.23.2-33-g5129a83184 (webtiles) character file.

Game seed: 5366790752130989451

256 demenator the Skirmisher (level 5, -1/48 HPs)
             Began as a Minotaur Fighter on July 21, 2019.
             Slain by an orc warrior
             ... wielding a +0 long sword
              (16 damage)
             ... on level 3 of the Dungeon.
             The game lasted 00:05:53 (1539 turns).

demenator the Skirmisher (Minotaur Fighter)         Turns: 1539, Time: 00:05:54

Health: -1/48      AC:  7    Str: 21    XL:     5   Next: 92%
Magic:  4/4        EV:  7    Int:  5    God:
Gold:   118        SH: 10    Dex: 10    Spells: 4/4 levels left

rFire    . . .     SeeInvis .   a - +0 long sword
rCold    . . .     Gourm    .   c - +0 shield
rNeg     . . .     Faith    .   b - +0 scale mail
rPois    .         Spirit   .   (helmet restricted)
rElec    .         Reflect  .   (no cloak)
rCorr    .         Harm     .   (no gloves)
MR       .....                  (no boots)
Stlth    ..........             (no amulet)
HPRegen  0.16/turn              (no ring)
MPRegen  0.09/turn              (no ring)

@: no status effects
A: retaliatory headbutt, horns 2
a: no special abilities


You were on level 3 of the Dungeon.
You were not hungry.

You visited 1 branch of the dungeon, and saw 3 of its levels.

You collected 118 gold pieces.

Inventory:

Hand Weapons
 a - a +0 long sword (weapon)
Armour
 b - a +0 scale mail (worn)
 c - a +0 shield (worn)
Jewellery
 g - an uncursed ring of flight {unknown}
 i - an uncursed ring of stealth {unknown}
 o - an uncursed ring of protection from fire {unknown}
Scrolls
 h - 3 scrolls of identify {unknown}
 j - a scroll of random uselessness {unknown}
 k - a scroll of remove curse {unknown}
 m - a scroll of fog {unknown}
 n - a scroll of enchant weapon {unknown}
Potions
 d - 3 potions of might
 e - a potion of haste
 p - a potion of curing {unknown}
Comestibles
 f - 4 rations


   Skills:
 + Level 5.1 Fighting
 + Level 4.2 Long Blades
 + Level 5.1 Armour
 + Level 5.1 Shields


You had 4 spell levels left.
You didn't know any spells.
Your spell library was empty.

Dungeon Overview and Level Annotations

Branches:
Dungeon (3/15)

Altars:
Makhleb


Innate Abilities, Weirdness & Mutations

You reflexively headbutt those who attack you in melee.
You have a pair of horns on your head.


Message History

Your shield and scale mail prevent you from hitting the orc warrior.
Your headbutt misses the orc warrior.
The orc warrior is heavily wounded.
You block the orc's attack. You block the orc warrior's attack.
You hit the orc warrior but do no damage.
The orc warrior is heavily wounded.
The orc hits you from afar with a +0 trident.
The orc warrior hits you with a +0 long sword!!
The orc closely misses you.
You are too injured to fight recklessly!
You are too injured to fight recklessly!
You are too injured to fight recklessly!
You are too injured to fight recklessly!
You are too injured to fight recklessly!
You hit the orc warrior but do no damage.
You headbutt the orc warrior.
The orc warrior is heavily wounded.
The orc hits you from afar with a +0 trident.
The orc warrior hits you with a +0 long sword!
You die... ...... #%†..# ...... #....# .r.... #....# ......# #....##### oo.....

#........#
.o.....
##gS....[#
.......##
#oo.....#
........#
#o#######
..#####(##
##@## #..#
#...#
##.###...#
#..##...#
##.##...#
#..#...#
##(#...#
###....#
#.)...#
#......#
#####....#


You could see an orc warrior, an adder, 2 orcs and a hobgoblin.

Vanquished Creatures
  A sky beast (D:3)
  A hound (D:2)
  2 orc wizards
  2 adders (D:3)
  2 dart slugs (D:1)
  7 orcs
  A ball python (D:2)
  5 bats
  2 giant cockroaches
  3 goblins
  5 hobgoblins
  4 jackals (D:2)
  7 kobolds
  3 frilled lizards
  5 rats
50 creatures vanquished.

Notes
Turn   | Place    | Note
-------+----------+-------------------------------------------
     0 | D:1      | demenator the Minotaur Fighter began the quest for the Orb.
     0 | D:1      | Reached XP level 1. HP: 19/19 MP: 0/0
    95 | D:1      | Reached XP level 2. HP: 22/27 MP: 1/1
   386 | D:2      | HP: 1/27 [orc/+0 club (3)]
   743 | D:2      | Reached XP level 3. HP: 31/33 MP: 2/2
   967 | D:2      | Reached XP level 4. HP: 41/41 MP: 3/3
  1080 | D:2      | Found a burning altar of Makhleb.
  1410 | D:3      | Noticed a sky beast
  1422 | D:3      | Killed a sky beast
  1422 | D:3      | Reached skill level 5 in Fighting
  1422 | D:3      | Reached skill level 5 in Armour
  1422 | D:3      | Reached XP level 5. HP: 18/48 MP: 4/4
  1483 | D:3      | Reached skill level 5 in Shields
  1516 | D:3      | Noticed an orc warrior
  1539 | D:3      | Slain by an orc warrior

Skill      XL: |  1  2  3  4  5 |
---------------+----------------+-----
Fighting       | 4 5 |  5.1
Armour         | 4 5 |  5.1
Shields        | 4 5 |  5.1
Long Blades    | 3 4 |  4.2

Action                   |  1- 3 |  4- 6 || total
-------------------------+-------+-------++-------
Melee: Long sword        |    72 |    74 ||   146
       Headbutt          |     6 |    13 ||    19
  Use: Potion            |     1 |     3 ||     4
  Eat: Ration            |       |     1 ||     1
Armor: Scale mail        |    42 |    31 ||    73
Dodge: Dodged            |    29 |    26 ||    55
Block: Shield            |    31 |    39 ||    70
       Rpst.: Long sword |     6 |     5 ||    11
